 Dungeon Crawl Stone Soup version 0.21.1-1-g345015f (webtiles) character file.

249 Labyrinth the Shooter (level 5, 0/45 HPs)
             Began as a Centaur Hunter on July 26, 2018.
             Was an Initiate of Trog.
             Slain by an orc
             ... wielding a +2 trident of venom
              (3 damage)
             ... on level 4 of the Dungeon.
             The game lasted 00:17:02 (3680 turns).

Labyrinth the Shooter (Centaur Hunter)              Turns: 3680, Time: 00:17:03

Health: 0/45       AC:  4    Str: 15    XL:     5   Next: 86%
Magic:  5/5        EV:  9    Int: 10    God:    Trog [......]
Gold:   139        SH:  0    Dex: 10    Spells: 4/4 levels left

rFire    . . .     SeeInvis .   v - +2 rapier (flame)
rCold    . . .     Gourm    .   (no shield)
rNeg     . . .     Faith    .   c - +0 leather armour
rPois    .         Spirit   .   (no helmet)
rElec    .         Reflect  .   (no cloak)
rCorr    .         Harm     .   (no gloves)
MR       .....                  (no barding)
Stlth    ++........             (no amulet)
HPRegen  0.15/turn              r - ring of stealth
MPRegen  0.09/turn              (no ring)

@: lethally poisoned (0 -> -11), very quick
A: large, hooves 3, deformed body, speed 2, tough skin 3
a: Burn Spellbooks, Renounce Religion


You were on level 4 of the Dungeon.
You worshipped Trog.
Trog was noncommittal.
You were not hungry.

You visited 1 branch of the dungeon, and saw 4 of its levels.

You collected 139 gold pieces.

Inventory:

Hand Weapons
 a - a +1 shortbow
 g - a +0 spear
 u - a +0 mace
 v - a +2 rapier of flaming (weapon)
 w - a +0 quarterstaff
Missiles
 h - a stone (quivered)
 j - 21 sling bullets
Armour
 c - a +0 leather armour (worn)
Jewellery
 r - a ring of stealth (left hand)
Scrolls
 e - a scroll of amnesia
 i - a scroll of remove curse
 l - a scroll of enchant weapon
 o - 2 scrolls of teleportation {unknown}
 p - a scroll of immolation
 q - a scroll of enchant armour {unknown}
Potions
 m - a potion of heal wounds {unknown}
 n - a potion of brilliance {unknown}
 s - a potion of cancellation {unknown}
 t - a potion of resistance {unknown}
Comestibles
 f - 6 rations


   Skills:
 + Level 3.0 Fighting
 + Level 1.0 Short Blades
 + Level 0.4 Polearms
 + Level 7.6 Bows
 + Level 0.2 Throwing
 + Level 1.6 Armour
 + Level 1.6 Dodging
 + Level 0.5 Stealth


You had 4 spell levels left.
You didn't know any spells.

Dungeon Overview and Level Annotations

Branches:
Dungeon (4/15)
 Temple: D:4-7

Altars:
Ashenzari
Nemelex Xobeh
Okawaru
Qazlal
Trog


Innate Abilities, Weirdness & Mutations

You have hooves in place of feet.
Armour fits poorly on your strangely shaped body.
You cover ground very quickly.
You have extremely tough skin. (AC +3)


Message History

You feel sick.
There is an open door here.
You feel sick.
Throwing (i - inventory):
h - 3 stones (quivered)
Press: ? - help, Shift-Dir - straight line, f/p - orc
Aim: an orc, wielding a trident of venom (heavily wounded)
You throw a stone. The stone barely misses the orc.
Throwing (i - inventory):
h - 2 stones (quivered)
Press: ? - help, Shift-Dir - straight line, f/p - orc
Aim: an orc, wielding a trident of venom (heavily wounded)
You throw a stone. The stone hits the orc.
The orc is severely wounded.
You feel sick.
The orc hits you from afar with a trident of venom.
* * * LOW HITPOINT WARNING * * *
You are lethally poisoned!
* * * LOW HITPOINT WARNING * * *
You feel sick.
The orc hits you from afar with a trident of venom.
You die...

#............#
.............#
..(..........#
.............#
###########'####+##
#....(.......#
#.....o......#
#............#
#.......@....#
##########......
#####.


You could see an orc.

Vanquished Creatures
  A bullfrog (D:2)
  A howler monkey (D:4)
  A hound (D:4)
  5 adders (D:3)
  An ooze (D:3)
  2 worms
  2 leopard geckos (D:1)
  3 orcs (D:3)
  7 bats
  3 giant cockroaches
  4 goblins
  5 hobgoblins
  4 jackals (D:4)
  9 kobolds
  2 quokkas
  A ball python (D:1)
  2 frilled lizards
  9 rats
62 creatures vanquished.

Notes
Turn   | Place    | Note
-------+----------+-------------------------------------------
     0 | D:1      | Labyrinth the Centaur Hunter began the quest for the Orb.
     0 | D:1      | Reached XP level 1. HP: 17/17 MP: 1/1
    77 | D:1      | Reached XP level 2. HP: 24/24 MP: 2/2
   248 | D:1      | Reached skill level 6 in Bows
   789 | D:2      | Reached XP level 3. HP: 29/29 MP: 3/3
   878 | D:2      | Found an iron altar of Okawaru.
  1062 | D:2      | Found an iron altar of Okawaru.
  1062 | D:2      | Noticed a bullfrog
  1097 | D:2      | Killed a bullfrog
  1097 | D:2      | Reached skill level 7 in Bows
  1097 | D:2      | Reached XP level 4. HP: 6/37 MP: 4/4
  2259 | D:3      | Reached skill level 1 in Armour
  2272 | D:3      | Reached XP level 5. HP: 30/44 MP: 5/5
  2552 | D:3      | Found a sparkling altar of Nemelex Xobeh.
  2629 | D:3      | Found a stormy altar of Qazlal.
  2887 | D:3      | Found a shattered altar of Ashenzari.
  3006 | D:3      | Noticed a moth of wrath
  3009 | D:3      | Found a bloodstained altar of Trog.
  3437 | D:3      | Became a worshipper of Trog the Wrathful
  3653 | D:4      | Reached skill level 1 in Short Blades
  3680 | D:4      | Slain by an orc

Skill      XL: |  1  2  3  4  5 |
---------------+----------------+-----
Bows           | 6 7 |  7.6
Armour         | 1 |  1.6
Fighting       | 3 |  3.0
Short Blades   | 1 |  1.0
Polearms       | |  0.4
Throwing       | |  0.2
Dodging        | |  1.6
Stealth        | |  0.5

Action                   |  1- 3 |  4- 6 || total
-------------------------+-------+-------++-------
Melee: Short sword       |     1 |       ||     1
       Mace              |     2 |       ||     2
       Spear             |       |    45 ||    45
       Kick              |       |     9 ||     9
       Rapier            |       |    42 ||    42
 Fire: Shortbow          |    77 |    35 ||   112
Throw: Tomahawk          |       |     8 ||     8
       Stone             |       |     8 ||     8
  Use: Scroll            |     5 |       ||     5
       Potion            |     2 |     2 ||     4
  Eat: Chunk             |       |     2 ||     2
       Ration            |       |     2 ||     2
Armor: Leather armour    |    10 |    38 ||    48
Dodge: Dodged            |    17 |    43 ||    60
